 Dungeon Crawl Stone Soup version 0.28-a0-1415-g7c84da036a (webtiles) character file.

Game seed: 16021045149466505935

66 Hasart the Sneak (level 4, 0/24 HPs)
             Began as a Kobold Enchanter on Jan 7, 2022.
             Slain by Robin (2 damage)
             ... on level 2 of the Dungeon.
             The game lasted 00:03:33 (2065 turns).

Hasart the Sneak (Kobold Enchanter)                 Turns: 2065, Time: 00:03:34

Health: 0/24       AC:  5    Str:  5    XL:     4   Next: 37%
Magic:  2/8        EV: 15    Int: 18    God:
Gold:   77         SH:  0    Dex: 15    Spells: 3/8 levels left

rFire   . . .      SeeInvis .   a - +1 dagger
rCold   . . .      Faith    .   (no shield)
rNeg    . . .      Spirit   .   b - +0 robe
rPois   .          Reflect  .   (no helmet)
rElec   .          Harm     .   (no cloak)
rCorr   .          Rampage  .   d - +2 pair of gloves
Will    .....                   (no boots)
Stlth   ++++......              (no amulet)
HPRegen 0.08/turn               (no ring)
MPRegen 0.11/turn               (no ring)

@: very slightly contaminated
A: small, no large weapons, nightstalker 3
a: no special abilities


You were on level 2 of the Dungeon.
You visited 1 branch of the dungeon, and saw 2 of its levels.

You collected 77 gold pieces.

Inventory:

Hand Weapons
 a - a +1 dagger (weapon)
Armour
 b - a +0 robe (worn)
 d - a +2 pair of gloves (worn)
Scrolls
 f - a scroll of identify {unknown}
 g - a scroll of acquirement {unknown}
Potions
 c - a potion of invisibility
 e - a potion of curing {unknown}


   Skills:
 + Level 2.4 Short Blades
 + Level 3.0 Dodging
 + Level 4.6 Stealth
 + Level 2.6 Spellcasting
 * Level 3.6 Hexes


You had 3 spell levels left.
You knew the following spells:

 Your Spells              Type           Power      Damage    Failure   Level
a - Ensorcelled Hibernat  Hex/Ice        18%        N/A       12%         2
b - Confusing Touch       Hex            15%        N/A       11%         3

Your spell library contained the following spells:

 Spells                   Type           Power      Damage    Failure   Level
 Tukima's Dance           Hex            15%        N/A       11%         3
 Summon Small Mammal      Summ           8%         N/A       17%         1
 Dazzling Flash           Conj/Hex       18%        N/A       24%         3
 Summon Guardian Golem    Hex/Summ       9%         N/A       24%         3
 Call Canine Familiar     Summ           2%         N/A       45%         3
 Ozocubu's Armour         Ice            2%         N/A       45%         3
 Ozocubu's Refrigeration  Ice            1%         4d5       100%        7


Dungeon Overview and Level Annotations

Branches:
Dungeon (2/15)

Altars:

Annotations:
D:2 Robin


Innate Abilities, Weirdness & Mutations

You are small and have problems with some larger weapons.
You are completely attuned to the shadows.


Message History

You kill the goblin!
Robin hits you from afar with a +4 trident of protection.
You climb upwards.
There is a stone staircase leading down here.
You start resting.
Your magical contamination has completely faded away.
You start resting.
Magic restored.
You start resting.
HP restored.
You climb downwards.
Level annotation: Robin
There is a stone staircase leading up here.
Casting: Ensorcelled Hibernation (safe; 12% risk of failure)
Confirm with . or Enter, or press ? or * to list all spells.
The spell is quite dangerous to miscast (11% risk of failure)!
Continue anyway?
Your hands begin to glow red.
Robin completely misses you.
You hit the hobgoblin but do no damage.
The hobgoblin appears confused.
Robin misses you. The hobgoblin misses you.
You hit the hobgoblin but do no damage.
Robin hits you with a +4 trident of protection.
You strike the helpless hobgoblin from behind!
You puncture the hobgoblin!
You kill the hobgoblin!
Robin hits you with a +4 trident of protection!
Casting: Confusing Touch (quite dangerous; 11% risk of failure)
Confirm with . or Enter, or press ? or * to list all spells.
The spell is quite dangerous to miscast (11% risk of failure)!
Continue anyway?
You miscast Confusing Touch.
You are very lightly contaminated with residual magic.
Nothing appears to happen.
Robin hits you with a +4 trident of protection.
You hit Robin but do no damage. You hit Robin but do no damage.
Robin closely misses you.
You hit Robin but do no damage.
Robin hits you with a +4 trident of protection!
* * * LOW HITPOINT WARNING * * *
You hit Robin but do no damage.
Robin hits you with a +4 trident of protection.
You die...

###..#..#... #.# #.# #
.....#....###..#.#.#
.....#......8..#.#.#
............88..).>#
...).#.....P.....#.#
....†######..8...#.#
..#................#
#.††#######.####.#####.
#....##........g@......
##....†.#......<).#####
.....######.#####.####
#.....................
###..##.........).####
# ...# .###..###..#
#.#... #..# #.## # #..#
### # #...


You could see Robin.

Vanquished Creatures
  An adder (D:2)
  2 dart slugs
  An orc (D:2)
  2 bats
  6 endoplasms
  8 goblins
  6 hobgoblins
  7 jackals (D:2)
  2 quokkas (D:2)
  A ball python (D:1)
  A frilled lizard (D:1)
  A jackal skeleton (D:2)
  3 kobolds (D:1)
  2 rats (D:2)
43 creatures vanquished.

Notes
Turn   | Place    | Note
-------+----------+-------------------------------------------
     0 | D:1      | Hasart the Kobold Enchanter began the quest for the Orb.
     0 | D:1      | Reached XP level 1. HP: 10/10 MP: 3/3
   226 | D:1      | Reached XP level 2. HP: 7/15 MP: 5/5
   402 | D:1      | Learned a level 2 spell: Ensorcelled Hibernation
   809 | D:1      | Found a faded altar of an unknown god.
  1152 | D:2      | Reached XP level 3. HP: 19/19 MP: 6/6
  1172 | D:2      | Learned a level 3 spell: Confusing Touch
  1513 | D:2      | Reached XP level 4. HP: 24/24 MP: 7/7
  1594 | D:2      | Noticed Robin
  2065 | D:2      | Slain by Robin

Illustrated notes

Levels and vault maps discovered:
D:1:      dpeg_arrival_round_c, layout_basic,
          hellmonk_ecumenical_altar_arch_garden
D:2:      layout_basic, serial_undead, serial_undead_d, serial_undead_a,
          serial_undead_f, serial_undead_c, serial_undead_a, serial_undead_c,
          serial_undead_f, serial_undead_c, kennysheep_nub, uniq_robin

Skill      XL: |  1  2  3  4 |
---------------+-------------+-----
Short Blades   | 2 |  2.4
Dodging        | 3 |  3.0
Stealth        | |  4.6
Spellcasting   | |  2.6
Hexes          | |  3.6

Action                   |  1- 3 |  4- 6 || total
-------------------------+-------+-------++-------
Melee: Dagger            |   108 |    41 ||   149
       Punch             |     2 |       ||     2
 Cast: Ensorcelled Hiber |     1 |     7 ||     8
       Confusing Touch   |       |     1 ||     1
 Stab: Sleeping          |    13 |     5 ||    18
       Confused          |       |     1 ||     1
Armor: Robe              |    20 |     9 ||    29
Dodge: Dodged            |    94 |    34 ||   128

Table legend: (Time is in decaauts)
 A = Elapsed time spent in this place.
 B = Non-inter-level travel time spent in this place.
 C = Inter-level travel time spent in this place.
 D = Time resting spent in this place.
 E = Time spent auto-exploring this place.
 F = Levels seen in this place.
 G = Mean time per level.
                   A        B        C        D        E       F      G
               +--------+--------+--------+--------+--------+-----+--------+
         Total |   2053 |   2003 |     50 |    372 |   1245 |   2 | 1026.5 |
       Dungeon |   2053 |   2003 |     50 |    372 |   1245 |   2 | 1026.5 |
               +--------+--------+--------+--------+--------+-----+--------+

Top non-repeatable levels by time:
     D:1: 1540 daAuts
     D:2: 513 daAuts
